| TOP OF THE 1ST |
|
Northwest Arkansas Naturals batting - Pitching for Chattanooga Lookouts : RHP Tom Aagaard
|
|
Pitching: RHP Tom Aagaard
|
|
|
Batting: SHB Jarrod Lindblad
|
0-0: Swinging Strike 0-1: Called Strike 0-2: Ball 1-2: Strikes out swinging
|
|
Batting: RHB Walt Cogswell
|
0-0: Called Strike 0-1: Called Strike 0-2: Strikes out looking
|
|
Batting: LHB Robert Wilkins
|
0-0: SINGLE (Groundball, 34D, EV 105.0 MPH)
|
|
Batting: RHB Gavin Jones
|
0-0: Fielders Choice at 2nd, 5-4 (Groundball, 5, EV 88.8 MPH)
|
| Top of the 1st over - 0 runs, 1 hit, 0 errors, 1 left on base; Northwest Arkansas 0 - Chattanooga 0 |
| BOTTOM OF THE 1ST |
|
Chattanooga Lookouts batting - Pitching for Northwest Arkansas Naturals : RHP Jarred Young
|
|
Pitching: RHP Jarred Young
|
|
|
Batting: LHB Marius Tadini
|
0-0: Ball 1-0: Called Strike 1-1: SINGLE (Line Drive, 6M, EV 96.2 MPH)
|
|
Batting: RHB Ruben Martinez
|
0-0: Foul Ball, location: 2F 0-1: Foul Ball, location: 2F 0-2: Foul Ball, location: 2F 0-2: Ball 1-2: Ball 2-2: Foul Ball, location: 2F 2-2: Fly out, F6 (Line Drive, 6, EV 70.6 MPH)
|
|
Batting: LHB Matt Robertson
|
0-0: Ball 1-0: Ball 2-0: SINGLE (Groundball, 34D, EV 111.9 MPH) Marius Tadini to second Runner from 2nd tries for 3rd, SAFE, throw by RF made to third Matt Robertson to second
|
|
Batting: RHB Isaiah Easter
|
0-0: Ground out 1-3 (Groundball, 15S, EV 66.2 MPH)
|
|
Batting: RHB Justin Allison
|
0-0: Ball 1-0: Ball 2-0: Ball 3-0: Called Strike 3-1: Swinging Strike 3-2: Strikes out looking
|
| Bottom of the 1st over - 0 runs, 2 hits, 0 errors, 2 left on base; Northwest Arkansas 0 - Chattanooga 0 |
| TOP OF THE 2ND |
|
Northwest Arkansas Naturals batting - Pitching for Chattanooga Lookouts : RHP Tom Aagaard
|
|
Batting: RHB Javier Solis
|
0-0: Foul Ball, location: 2F 0-1: Ball 1-1: Foul Ball, location: 2F 1-2: Fly out, F3 (Flyball, 3D, EV 87.5 MPH)
|
|
Batting: RHB Tomas Raya
|
0-0: Called Strike 0-1: Ground out 3-1 (Groundball, 13, EV 83.1 MPH)
|
|
Batting: RHB Ben Garrett
|
0-0: Ball 1-0: Called Strike 1-1: Foul Ball, location: 2F 1-2: Ball 2-2: Foul Ball, location: 2F 2-2: Fly out, F6 (Line Drive, 6, EV 71.2 MPH)
|
| Top of the 2nd over - 0 runs, 0 hits, 0 errors, 0 left on base; Northwest Arkansas 0 - Chattanooga 0 |
| BOTTOM OF THE 2ND |
|
Chattanooga Lookouts batting - Pitching for Northwest Arkansas Naturals : RHP Jarred Young
|
|
Batting: SHB Chris Ortiz
|
0-0: Ball 1-0: Foul Ball, location: 2F 1-1: Foul Ball, location: 2F 1-2: Strikes out swinging
|
|
Batting: RHB Bobby Paredes
|
0-0: Ground out 6-3 (Groundball, 6, EV 89.4 MPH)
|
|
Batting: RHB Julian de Reus
|
0-0: Ground out 6-3 (Groundball, 6, EV 110.6 MPH)
|
| Bottom of the 2nd over - 0 runs, 0 hits, 0 errors, 0 left on base; Northwest Arkansas 0 - Chattanooga 0 |
| TOP OF THE 3RD |
|
Northwest Arkansas Naturals batting - Pitching for Chattanooga Lookouts : RHP Tom Aagaard
|
|
Batting: RHB Egidius Kruger
|
0-0: DOUBLE (Line Drive, 7LS, EV 112.5 MPH)
|
|
Pitching: LHP Craig Anderson
|
|
|
Batting: RHB Doug Carter
|
0-0: Foul Ball, location: 2F 0-1: Swinging Strike 0-2: Ball 1-2: Ball Wild Pitch! Egidius Kruger to third 2-2: Ground out 4-3 (Groundball, 4, EV 86.9 MPH) Egidius Kruger scores
|
|
Batting: SHB Jarrod Lindblad
|
0-0: Fly out, F7 (Flyball, 78S, EV 97.5 MPH)
|
|
Batting: RHB Walt Cogswell
|
0-0: Called Strike 0-1: Fly out, F8 (Flyball, 89D, EV 83.8 MPH)
|
| Top of the 3rd over - 1 run, 1 hit, 0 errors, 0 left on base; Northwest Arkansas 1 - Chattanooga 0 |
| BOTTOM OF THE 3RD |
|
Chattanooga Lookouts batting - Pitching for Northwest Arkansas Naturals : RHP Jarred Young
|
|
Batting: RHB Francisque Regras
|
0-0: Ball 1-0: Ball 2-0: Ball 3-0: Base on Balls
|
|
Batting: LHB Marius Tadini
|
0-0: Swinging Strike 0-1: Ball 1-1: Ball 2-1: Ball 3-1: Base on Balls Francisque Regras to second
|
|
Batting: RHB Ruben Martinez
|
0-0: Ball 1-0: Grounds into double play, 5-4-3 (Groundball, 5, EV 83.1 MPH) Francisque Regras to third
|
|
Batting: LHB Matt Robertson
|
0-0: Ball 1-0: Foul Ball, location: 2F 1-1: Swinging Strike 1-2: SINGLE (Groundball, 4M, EV 86.9 MPH) (infield hit) Francisque Regras scores
|
|
Batting: RHB Isaiah Easter
|
0-0: SINGLE (Line Drive, 56D, EV 97.5 MPH) Matt Robertson to second
|
|
Batting: RHB Justin Allison
|
0-0: Ball 1-0: Called Strike 1-1: Called Strike 1-2: Ball 2-2: SINGLE (Groundball, 34D, EV 106.9 MPH) Matt Robertson to third Isaiah Easter to second Runner from 3rd tries for Home, SAFE, throw by RF to home Isaiah Easter to third Justin Allison to second
|
|
Batting: SHB Chris Ortiz
|
0-0: Called Strike 0-1: Ball 1-1: Ball 2-1: SINGLE (Groundball, 6D, EV 105.6 MPH) Isaiah Easter scores Justin Allison to third Runner from 3rd tries for Home, SAFE, throw by CF to home
|
|
Batting: RHB Bobby Paredes
|
0-0: Swinging Strike 0-1: Called Strike 0-2: Strikes out looking
|
| Bottom of the 3rd over - 4 runs, 4 hits, 0 errors, 1 left on base; Northwest Arkansas 1 - Chattanooga 4 |
| TOP OF THE 4TH |
|
Northwest Arkansas Naturals batting - Pitching for Chattanooga Lookouts : LHP Craig Anderson
|
|
Batting: LHB Robert Wilkins
|
0-0: Ball 1-0: Ball 2-0: Ball 3-0: Called Strike 3-1: Ground out 6-3 (Groundball, 6M, EV 86.9 MPH)
|
|
Batting: RHB Gavin Jones
|
0-0: Called Strike 0-1: Ball 1-1: Foul Ball, location: 2F 1-2: Ball 2-2: SINGLE (Groundball, 6MD, EV 109.4 MPH)
|
|
Batting: RHB Javier Solis
|
0-0: Called Strike 0-1: Called Strike Gavin Jones is caught stealing 2nd base 2-4 0-2: Ball 1-2: DOUBLE (Groundball, 5L, EV 101.9 MPH)
|
|
Batting: RHB Tomas Raya
|
0-0: Ball 1-0: Called Strike 1-1: Foul Ball, location: 2F 1-2: Fly out, F7 (Flyball, 7LS, EV 76.9 MPH)
|
| Top of the 4th over - 0 runs, 2 hits, 0 errors, 1 left on base; Northwest Arkansas 1 - Chattanooga 4 |
| BOTTOM OF THE 4TH |
|
Chattanooga Lookouts batting - Pitching for Northwest Arkansas Naturals : RHP Jarred Young
|
|
Batting: RHB Julian de Reus
|
0-0: Called Strike 0-1: Ball 1-1: Ground out 5-3 (Groundball, 56, EV 85.0 MPH)
|
|
Batting: RHB Francisque Regras
|
0-0: Ball 1-0: Called Strike 1-1: Swinging Strike 1-2: Ground out U3 (Groundball, 34, EV 82.5 MPH)
|
|
Batting: LHB Marius Tadini
|
0-0: Ball 1-0: Called Strike 1-1: Ball 2-1: Called Strike 2-2: Foul Ball, location: 2F 2-2: Foul Ball, location: 2F 2-2: Ball 3-2: Base on Balls
|
|
Batting: RHB Ruben Martinez
|
0-0: Called Strike 0-1: Ball 1-1: Foul Ball, location: 2F 1-2: Ball 2-2: Foul Ball, location: 2F 2-2: Foul Ball, location: 2F 2-2: Fly out, F6 (Flyball, 56D, EV 95.0 MPH)
|
| Bottom of the 4th over - 0 runs, 0 hits, 0 errors, 1 left on base; Northwest Arkansas 1 - Chattanooga 4 |
| TOP OF THE 5TH |
|
Northwest Arkansas Naturals batting - Pitching for Chattanooga Lookouts : LHP Craig Anderson
|
|
Batting: RHB Ben Garrett
|
0-0: Called Strike 0-1: Ball 1-1: Ball 2-1: Foul Ball, location: 2F 2-2: Strikes out swinging
|
|
Batting: RHB Egidius Kruger
|
0-0: Swinging Strike 0-1: Foul Ball, location: 2F 0-2: Ground out 6-3 (Groundball, 6, EV 88.1 MPH)
|
|
Batting: RHB Doug Carter
|
0-0: Ball 1-0: Ground out 4-3 (Groundball, 34D, EV 86.2 MPH)
|
| Top of the 5th over - 0 runs, 0 hits, 0 errors, 0 left on base; Northwest Arkansas 1 - Chattanooga 4 |
| BOTTOM OF THE 5TH |
|
Chattanooga Lookouts batting - Pitching for Northwest Arkansas Naturals : RHP Jarred Young
|
|
Batting: LHB Matt Robertson
|
0-0: Foul Ball, location: 2F 0-1: Called Strike 0-2: Strikes out looking
|
|
Batting: RHB Isaiah Easter
|
0-0: Ball 1-0: Fly out, F7 (Flyball, 78S, EV 84.4 MPH)
|
|
Batting: RHB Justin Allison
|
0-0: Foul Ball, location: 2F 0-1: Ball 1-1: Ball 2-1: SINGLE (Groundball, 5D, EV 108.8 MPH)
|
|
Batting: SHB Chris Ortiz
|
0-0: Called Strike 0-1: Ball 1-1: Called Strike 1-2: SINGLE (Groundball, 4, EV 95.6 MPH) Justin Allison to second
|
|
Batting: RHB Bobby Paredes
|
0-0: Called Strike 0-1: Ball 1-1: Called Strike 1-2: Ball 2-2: Foul Ball, location: 2F 2-2: Fielders Choice at 2nd, 6-4 (Groundball, 6, EV 107.5 MPH)
|
| Bottom of the 5th over - 0 runs, 2 hits, 0 errors, 2 left on base; Northwest Arkansas 1 - Chattanooga 4 |
| TOP OF THE 6TH |
|
Northwest Arkansas Naturals batting - Pitching for Chattanooga Lookouts : LHP Craig Anderson
|
|
Batting: SHB Jarrod Lindblad
|
0-0: Ball 1-0: Ball 2-0: Foul Ball, location: 2F 2-1: Foul Ball, location: 2F 2-2: Ball 3-2: Ground out 5-3 (Groundball, 56S, EV 84.4 MPH)
|
|
Batting: RHB Walt Cogswell
|
0-0: Hit by Pitch
|
|
Batting: LHB Robert Wilkins
|
0-0: Ball 1-0: Called Strike 1-1: Single, Error in OF, E7, batter to second base (Groundball, 56, EV 101.9 MPH) Walt Cogswell to third
|
|
Batting: RHB Gavin Jones
|
0-0: Swinging Strike 0-1: Ball 1-1: Ball 2-1: Foul Ball, location: 2F 2-2: Ball 3-2: Strikes out looking
|
|
Pitching: RHP Mike Ferry
|
|
|
Batting: RHB Javier Solis
|
0-0: Ball 1-0: Foul Ball, location: 2F 1-1: Foul Ball, location: 2F 1-2: Ball 2-2: Ball 3-2: Foul Ball, location: 2F 3-2: Base on Balls
|
|
Batting: RHB Tomas Raya
|
0-0: Fly out, F8 (Flyball, 8RXD, EV 109.4 MPH)
|
| Top of the 6th over - 0 runs, 1 hit, 1 error, 3 left on base; Northwest Arkansas 1 - Chattanooga 4 |
| BOTTOM OF THE 6TH |
|
Chattanooga Lookouts batting - Pitching for Northwest Arkansas Naturals : RHP Jarred Young
|
|
Batting: RHB Julian de Reus
|
0-0: Called Strike 0-1: Ball 1-1: Swinging Strike 1-2: Foul Ball, location: 2F 1-2: Ball 2-2: Strikes out swinging
|
|
Batting: RHB Francisque Regras
|
0-0: Called Strike 0-1: Ball 1-1: Swinging Strike 1-2: Ball 2-2: Foul Ball, location: 2F 2-2: Foul Ball, location: 2F 2-2: Fly out, F9 (Flyball, 89M, EV 73.8 MPH)
|
|
Batting: LHB Marius Tadini
|
0-0: Ball 1-0: Fly out, F7 (Line Drive, 7, EV 98.1 MPH)
|
| Bottom of the 6th over - 0 runs, 0 hits, 0 errors, 0 left on base; Northwest Arkansas 1 - Chattanooga 4 |
| TOP OF THE 7TH |
|
Northwest Arkansas Naturals batting - Pitching for Chattanooga Lookouts : RHP Mike Ferry
|
|
Batting: RHB Ben Garrett
|
0-0: Ball 1-0: Foul Ball, location: 2F 1-1: Swinging Strike 1-2: Ball 2-2: Foul Ball, location: 2F 2-2: Foul Ball, location: 2F 2-2: Ground out 4-3 (Groundball, 4, EV 94.4 MPH)
|
|
Batting: RHB Egidius Kruger
|
0-0: Ground out 6-3 (Groundball, 6, EV 105.0 MPH)
|
|
Batting: RHB Doug Carter
|
0-0: Ball 1-0: Called Strike 1-1: SINGLE (Groundball, 34S, EV 70.6 MPH) (infield hit)
|
|
Batting: SHB Jarrod Lindblad
|
0-0: Called Strike 0-1: Swinging Strike 0-2: Ball 1-2: Strikes out swinging
|
| Top of the 7th over - 0 runs, 1 hit, 0 errors, 1 left on base; Northwest Arkansas 1 - Chattanooga 4 |
| BOTTOM OF THE 7TH |
|
Chattanooga Lookouts batting - Pitching for Northwest Arkansas Naturals : RHP Jarred Young
|
|
Pitching: RHP Lionardo Rabelo
|
|
|
Batting: RHB Ruben Martinez
|
0-0: Ball 1-0: SINGLE (Groundball, 34D, EV 97.5 MPH)
|
|
Batting: LHB Matt Robertson
|
0-0: Called Strike 0-1: Grounds into double play, 6-4-3 (Groundball, 6, EV 78.8 MPH)
|
|
Batting: RHB Isaiah Easter
|
0-0: Swinging Strike 0-1: Ball 1-1: Ball 2-1: Foul Ball, location: 2F 2-2: Strikes out swinging
|
| Bottom of the 7th over - 0 runs, 1 hit, 0 errors, 0 left on base; Northwest Arkansas 1 - Chattanooga 4 |
| TOP OF THE 8TH |
|
Northwest Arkansas Naturals batting - Pitching for Chattanooga Lookouts : RHP Mike Ferry
|
|
Batting: RHB Walt Cogswell
|
0-0: Called Strike 0-1: Ball 1-1: Ball 2-1: SINGLE (Groundball, 6MD, EV 97.5 MPH)
|
|
Batting: LHB Robert Wilkins
|
0-0: Ball 1-0: Ball 2-0: Called Strike 2-1: Ball 3-1: Called Strike 3-2: Foul Ball, location: 2F 3-2: Strikes out swinging Walt Cogswell steals 2nd base (no throw) Batter strikes out.
|
|
Batting: RHB Gavin Jones
|
0-0: Called Strike 0-1: Ball 1-1: SINGLE (Groundball, 6M, EV 106.9 MPH) (infield hit) Walt Cogswell to third
|
|
Batting: RHB Javier Solis
|
0-0: Ball 1-0: Ball 2-0: Called Strike 2-1: Ball 3-1: Base on Balls Gavin Jones to second
|
|
Batting: RHB Tomas Raya
|
0-0: Grounds into double play, 6-2-3 (Groundball, 6S, EV 92.5 MPH)
|
| Top of the 8th over - 0 runs, 2 hits, 0 errors, 2 left on base; Northwest Arkansas 1 - Chattanooga 4 |
| BOTTOM OF THE 8TH |
|
Chattanooga Lookouts batting - Pitching for Northwest Arkansas Naturals : RHP Lionardo Rabelo
|
|
Batting: RHB Justin Allison
|
0-0: Swinging Strike 0-1: SINGLE (Line Drive, 4D, EV 100.6 MPH)
|
|
Batting: SHB Chris Ortiz
|
0-0: Ball 1-0: Bunted foul 1-1: Bunted foul 1-2: Grounds into double play, U6-3 (Groundball, 4MD, EV 108.8 MPH)
|
|
Batting: RHB Bobby Paredes
|
0-0: Ball 1-0: Called Strike 1-1: Swinging Strike 1-2: Ground out 6-3 (Groundball, 6, EV 78.1 MPH)
|
| Bottom of the 8th over - 0 runs, 1 hit, 0 errors, 0 left on base; Northwest Arkansas 1 - Chattanooga 4 |
| TOP OF THE 9TH |
|
Northwest Arkansas Naturals batting - Pitching for Chattanooga Lookouts : RHP Mike Ferry
|
|
Pitching: LHP Inkei Wakamatsu
|
|
|
Batting: RHB Ben Garrett
|
0-0: Ball 1-0: Called Strike 1-1: Ball 2-1: Fly out, F7 (Flyball, 7D, EV 101.9 MPH)
|
|
Batting: RHB Egidius Kruger
|
0-0: Foul Ball, location: 2F 0-1: Ball 1-1: Ground out 6-3 (Groundball, 6, EV 87.5 MPH)
|
|
Batting: RHB Doug Carter
|
0-0: Ball 1-0: Ball 2-0: DOUBLE (Line Drive, 89D, EV 109.4 MPH)
|
|
Batting: SHB Jarrod Lindblad
|
0-0: Ball Wild Pitch! Doug Carter to third 1-0: Ball 2-0: Swinging Strike 2-1: Ground out 5-3 (Groundball, 56S, EV 81.9 MPH)
|
| Top of the 9th over - 0 runs, 1 hit, 0 errors, 1 left on base; Northwest Arkansas 1 - Chattanooga 4 |
|